 Dungeon Crawl Stone Soup version 0.22.1-1-ga44c0e5 (webtiles) character file.

392 Garbasso the Stinger (level 6, -2/32 HPs)
             Began as a Gargoyle Venom Mage on Oct 10, 2018.
             Was an Initiate of the Shining One.
             Slain by a bullfrog (7 damage)
             ... in a sewer.
             The game lasted 00:10:12 (3196 turns).

Garbasso the Stinger (Gargoyle Venom Mage)          Turns: 3196, Time: 00:10:12

Health: -2/32      AC:  6    Str: 12    XL:     6   Next: 80%
Magic:  0/9        EV: 12    Int: 17    God:    the Shining One [......]
Gold:   133        SH:  0    Dex: 10    Spells: 3/9 levels left

rFire    . . .     SeeInvis .   d - +2 dagger (venom)
rCold    . . .     Gourm    .   (no shield)
rNeg     + . .     Faith    .   a - +0 robe
rPois    ∞         Spirit   .   (no helmet)
rElec    +         Reflect  .   (no cloak)
rCorr    .         Harm     .   (no gloves)
MR       .....                  (no boots)
Stlth    +.........             (no amulet)
HPRegen  0.10/turn              (no ring)
MPRegen  0.11/turn              (no ring)

@: very slightly contaminated, glowing, very slow
A: negative energy resistance 1, electricity resistance, unbreathing,
petrification resistance, rot immunity, AC +4
a: Renounce Religion


You were in a sewer.
You worshipped the Shining One.
The Shining One was noncommittal.
You were not hungry.

You visited 1 branch of the dungeon, and saw 3 of its levels.
You also visited: Sewer.

You collected 133 gold pieces.

Inventory:

Hand Weapons
 d - a +2 dagger of venom (weapon)
Missiles
 b - a throwing net (quivered)
Armour
 a - a +0 robe (worn)
 n - a +0 cloak
 r - a +0 large shield
Jewellery
 p - an uncursed ring of flight {unknown}
 t - a cursed amulet of inaccuracy {unknown}
Scrolls
 e - a scroll of amnesia {unknown}
 f - a scroll of enchant weapon {unknown}
 g - a scroll of fog {unknown}
 j - 4 scrolls of identify {unknown}
 k - a scroll of enchant armour {unknown}
 o - 3 scrolls of teleportation {unknown}
 q - a scroll of remove curse {unknown}
Potions
 h - a potion of lignification {unknown}
 i - a potion of flight {unknown}
 l - a potion of invisibility {unknown}
 m - a potion of degeneration {unknown}
 s - a potion of curing {unknown}
Comestibles
 c - 4 rations
 u - 11 chunks of flesh


   Skills:
 - Level 1.5 Dodging
 - Level 2.1 Stealth
 + Level 3.0 Shields
 - Level 2.0 Spellcasting
 - Level 1.1 Conjurations
 + Level 6.7 Poison Magic


You had 3 spell levels left.
You knew the following spells:

 Your Spells              Type           Power        Failure   Level  Hunger
a - Sting                 Conj/Pois      ###.         3%          1    #......
b - Poisonous Vapours     Pois/Air       ##....       8%          2    ###....
c - Mephitic Cloud        Conj/Pois/Air  ##......     21%         3    ###....

Your spell library contained the following spells:

 Spells                   Type           Power        Failure   Level  Hunger
 Olgreb's Toxic Radiance  Pois           ###.....     12%         4    #####..
 Venom Bolt               Conj/Pois      ###.......   71%         5    ######.


Dungeon Overview and Level Annotations

Branches:
Dungeon (3/15)

Altars:
Fedhas
Hepliaklqana
Makhleb
Wu Jian
Xom
Yredelemnul
The Shining One


Innate Abilities, Weirdness & Mutations

You are resistant to torment.
Your stone body is resilient. (AC +4)
You are immune to poison.
You resist negative energy. (rN+)
You are resistant to electric shocks. (rElec)
You can survive without breathing.
You are immune to petrification.
You are immune to rotting.


Message History

The bullfrog completely misses you. The bullfrog hits you.
Your unstable footing causes you to fumble your attack.
The bullfrog hits you.
You hit the bullfrog.
The bullfrog looks as sick as possible!
The bullfrog is heavily wounded.
The bullfrog hits you. The bullfrog barely misses you.
Casting: Mephitic Cloud (safe; 21% risk of failure)
Confirm with . or Enter, or press ? or * to list all spells.
Aiming: Sting (safe; 3% risk of failure)
Press: ? - help, Shift-Dir - straight line, f - bullfrog
Aim: a bullfrog (water, heavily wounded, poisoned)
The sting hits the bullfrog.
The bullfrog is severely wounded.
The bullfrog hits you.
* * * LOW HITPOINT WARNING * * *
Your unstable footing causes you to fumble your attack.
The bullfrog hits you.
* * * LOW HITPOINT WARNING * * *
The bullfrog hits you!
You die...

#..≈≈≈≈≈≈≈≈≈≈≈≈≈≈≈≈≈≈≈.#
#.≈≈≈≈≈≈≈≈≈≈≈≈≈≈≈≈≈≈≈≈.#
#.≈≈≈≈≈≈≈≈≈≈≈≈≈≈≈≈≈≈≈≈≈#
#.≈≈≈≈..≈≈≈≈≈≈≈≈≈≈.≈≈≈≈#
#.≈≈≈.≈≈≈≈≈≈≈≈########≈#
#.≈≈≈.≈≈≈≈≈≈≈≈≈## #≈#
#.≈≈≈≈≈≈≈≈≈≈≈≈≈≈# #≈#
#.≈≈≈≈≈≈≈≈≈≈≈≈≈≈# #≈#
#.≈≈≈≈≈≈≈@F≈..≈≈≈# #≈#
#.≈≈≈≈≈≈≈≈≈≈≈.∩≈≈# #≈#
#.≈≈≈≈≈≈≈...≈.≈≈≈# #≈#
#.≈≈≈≈≈≈.≈≈≈.≈≈≈≈≈# #.#
### #.≈≈≈≈≈≈≈≈≈..≈≈≈≈≈#
#.# #.#
#.≈≈≈≈≈≈≈≈≈).≈≈≈≈≈# #.#
#∩# #.≈≈≈≈≈≈≈≈?(%.≈≈≈≈
#.# #.#
#.≈≈≈≈≈≈≈≈≈(.≈≈≈≈ #.#
#∩# #.≈≈≈.≈≈≈≈≈.≈≈≈≈ #.#


You could see a bullfrog.

Vanquished Creatures
  A bullfrog (Sewer)
  A crimson imp (D:3)
  Crazy Yiuf (D:2)
  Jessica (D:2)
  2 orc wizards (D:3)
  Natasha (twice) (D:2)
  8 adders
  A worm (D:3)
  A dart slug (D:1)
  6 leopard geckos
  4 orcs (D:3)
  4 ball pythons (Sewer)
  4 giant cockroaches
  2 goblins
  5 hobgoblins
  A quokka (D:2)
  10 bats
  7 frilled lizards
  7 kobolds
  A rat (D:2)
69 creatures vanquished.

Notes
Turn   | Place    | Note
-------+----------+-------------------------------------------
     0 | D:1      | Garbasso the Gargoyle Venom Mage began the quest for the
                  | Orb.
     0 | D:1      | Reached XP level 1. HP: 10/10 MP: 3/3
   479 | D:1      | Reached XP level 2. HP: 8/15 MP: 5/5
   483 | D:1      | Learned a level 2 spell: Poisonous Vapours
  1136 | D:2      | Noticed Natasha
  1200 | D:2      | Noticed a crimson imp
  1205 | D:2      | Killed Natasha
  1205 | D:2      | Reached skill level 4 in Poison Magic
  1205 | D:2      | Reached XP level 3. HP: 14/19 MP: 3/6
  1277 | D:2      | Learned a level 3 spell: Mephitic Cloud
  1391 | D:2      | Found a runed door.
  1395 | D:2      | Noticed Crazy Yiuf
  1405 | D:2      | Killed Crazy Yiuf
  1405 | D:2      | Reached skill level 5 in Poison Magic
  1405 | D:2      | Reached XP level 4. HP: 24/24 MP: 2/7
  1617 | D:2      | Found a glowing golden altar of the Shining One.
  1619 | D:2      | Noticed an angel
  1632 | D:2      | Found a basalt altar of Yredelemnul.
  1634 | D:2      | Noticed a profane servitor
  1684 | D:2      | Noticed Natasha
  1706 | D:2      | Killed Natasha
  1893 | D:2      | Became a worshipper of the Shining One
  1921 | D:2      | Noticed Jessica
  1943 | D:2      | Killed Jessica
  1943 | D:2      | Reached XP level 5. HP: 26/28 MP: 1/8
  2118 | D:2      | Reached skill level 6 in Poison Magic
  2146 | D:2      | Found a blossoming altar of Fedhas.
  2426 | D:3      | Found a hazy altar of Hepliaklqana.
  2475 | D:3      | Found a shimmering altar of Xom.
  2476 | D:3      | Paralysed by a crimson imp for 2 turns
  2479 | D:3      | Found a burning altar of Makhleb.
  2487 | D:3      | Reached skill level 1 in Shields
  2534 | D:3      | Reached XP level 6. HP: 32/32 MP: 4/9
  2580 | D:3      | Found an ornate altar of the Wu Jian Council.
  2864 | D:3      | Found a glowing drain.
  2881 | Sewer    | Entered a sewer
  3196 | Sewer    | Slain by a bullfrog

Skill      XL: |  1  2  3  4  5  6 |
---------------+-------------------+-----
Poison Magic   | 4 5 6 |  6.7
Shields        | 1 3 |  3.0
Dodging        | |  1.5
Stealth        | |  2.1
Spellcasting   | |  2.0
Conjurations   | |  1.1

Action                   |  1- 3 |  4- 6 || total
-------------------------+-------+-------++-------
Melee: Dagger            |    37 |   127 ||   164
       Unarmed           |     7 |       ||     7
       Quarterstaff      |       |     8 ||     8
 Cast: Sting             |     5 |     1 ||     6
       Poisonous Vapours |     9 |    27 ||    36
       Mephitic Cloud    |     1 |     2 ||     3
 Stab: Sleeping          |     1 |       ||     1
       Confused          |     1 |       ||     1
  Eat: Chunk             |     2 |     9 ||    11
Armor: Robe              |     9 |    38 ||    47
Dodge: Dodged            |    26 |    79 ||   105
